 Dungeon Crawl Stone Soup version 0.31-a0-237-g2d982f9f85 (webtiles) character file.

Game seed: 11393922162386541209

60 qw the Shooter (level 4, 0/26 HPs)
             Began as a Gargoyle Hexslinger on July 11, 2023.
             Slain by a phantom (3 damage)
             ... on level 2 of the Dungeon.
             The game lasted 00:00:23 (577 turns).

qw the Shooter (Gargoyle Hexslinger)                 Turns: 577, Time: 00:00:24

Health: 0/26       AC:  8    Str: 12    XL:     4   Next: 6%
Magic:  5/5        EV: 10    Int: 13    God:
Gold:   20         SH:  0    Dex: 14    Spells: 4/5 levels left

rFire   . . .        Y - +1 sling
rCold   . . .        (no shield)
rNeg    + . .        c - +0 ring mail
rPois   inf          (no helmet)
rElec   +            (no cloak)
rCorr   .            (no gloves)
SInv    .            (no boots)
Will    .....        (no amulet)
Stlth   +            (no ring)
HPRegen 0.24/turn    (no ring)
MPRegen 0.09/turn

%: no passive effects
@: no status effects
A: sickness immunity, AC +3, negative energy resistance 1, electricity
resistance, torment resistance 1, petrification resistance
a: no special abilities


You were on level 2 of the Dungeon.
You visited 1 branch of the dungeon, and saw 2 of its levels.

You collected 20 gold pieces.


Innate Abilities, Weirdness & Mutations

You are immune to sickness and miasma.
Your stone body is resilient. (AC +3)
You are immune to poison.
You resist negative energy. (rN+)
You are resistant to electric shocks. (rElec)
You are resistant to unholy torment.
You are immune to petrification.


   Skills:
 - Level 2.3 Fighting
 + Level 3.7 Ranged Weapons
 - Level 1.5 Dodging
 - Level 1.0 Spellcasting
 - Level 2.6 Hexes


You had 4 spell levels left.
You knew the following spells:

 Your Spells              Type           Power      Damage    Failure   Level
a - Slow                  Hex            28%        N/A       22%         1

Your spell library contained the following spells:

 Spells                   Type           Power      Damage    Failure   Level
 Inner Flame              Hex/Fire       4%         N/A       73%         3
 Portal Projectile        Hex/Tloc       8%         N/A       73%         3
 Cause Fear               Hex            3%         N/A       91%         4

Inventory:

Hand Weapons
 Y - a +1 sling (weapon)
Armour
 c - a +0 ring mail (worn)
Potions
 b - a potion of curing {unknown}

Dungeon Overview and Level Annotations

Branches:
Dungeon (2/15)

Altars:


Message History

The phantom barely misses you.
The phantom hits you but does no damage.
You shoot a sling bullet.
The sling bullet barely misses the phantom.
The phantom hits you.
You shoot a sling bullet.
The sling bullet barely misses the phantom.
The phantom barely misses you.
You shoot a sling bullet. The sling bullet hits the phantom.
The phantom is heavily damaged.
The phantom barely misses you.
You shoot a sling bullet. The sling bullet hits the phantom.
The phantom is heavily damaged.
The phantom barely misses you.
The phantom hits you but does no damage.
You shoot a sling bullet.
The sling bullet barely misses the phantom.
The phantom hits you but does no damage.
You shoot a sling bullet. The sling bullet hits the phantom.
The phantom is severely damaged.
The phantom completely misses you. The phantom hits you.
The phantom blinks!
You blink.
Enter note:
Enter note:
Enter note:
Enter note: You shoot a sling bullet.
The sling bullet hits the phantom.
The phantom is severely damaged.
The phantom hits you but does no damage.
You shoot a sling bullet.
The sling bullet closely misses the phantom.
The phantom hits you.
The phantom blinks!
You blink.
Enter note:
Enter note:
Enter note:
Enter note: You shoot a sling bullet.
The sling bullet closely misses the phantom.
The phantom hits you.
You die...

.# ######.# .#
#....$.#
%#######
#.######
........ #.#
########..# #.#
### #..# #¤# ..#
#..# #¤# #.###
#..# #.# #...#
#..# #@# ###.#
#..# #W# # #.##
#..# #.# #
#..###..######.#
#
##.##..........#
#
#.............#
####....####.##
#.....###.
#.###..##


You could see a phantom.

Vanquished Creatures
  3 adders (D:2)
  A worm (D:1)
  A dart slug (D:1)
  A ball python (D:1)
  2 bats
  3 endoplasms
  2 giant cockroaches (D:1)
  4 goblins (D:1)
  A hobgoblin (D:2)
  A quokka (D:1)
  2 frilled lizards
  4 kobolds (D:1)
  4 rats (D:1)
29 creatures vanquished.

Notes
Turn   | Place    | Note
-------+----------+-------------------------------------------
     0 | D:1      | qw the Gargoyle Hexslinger began the quest for the Orb.
     0 | D:1      | Reached XP level 1. HP: 12/12 MP: 2/2
     0 | D:1      | 0 ||| qw: Version: 0.3-a-52-g30416fa
     0 | D:1      | 0 ||| qw: Game counter: 5622
     0 | D:1      | 0 ||| qw: Melee chars always use a shield: true
     0 | D:1      | 0 ||| qw: God list: Okawaru
     0 | D:1      | 0 ||| qw: Allow faded altars: false
     0 | D:1      | 0 ||| qw: Do Orc after clearing Dungeon:15 true
     0 | D:1      | 0 ||| qw: Do second Lair branch before Depths: true
     0 | D:1      | 0 ||| qw: Lair rune preference: random
     0 | D:1      | 0 ||| qw: Goals: Normal
     0 | D:1      | 0 ||| PLANNING D:1-11
     0 | D:1      | 0 ||| DROPPING scroll of poison.
    89 | D:1      | Reached XP level 2. HP: 16/16 MP: 3/3
    92 | D:1      | 92 ||| Stepping ~*~*~tactically~*~*~ (outnumbered).
   130 | D:1      | Reached skill level 3 in Ranged Weapons
   168 | D:1      | 168 ||| UPGRADING to +0 leather armour.
   178 | D:1      | 178 ||| DROPPING +0 robe.
   179 | D:1      | 179 ||| READING scroll labelled ECONANUAXY.
   192 | D:2      | 192 ||| STAIRDANCE
   362 | D:2      | Reached XP level 3. HP: 21/21 MP: 4/4
   417 | D:2      | 417 ||| UPGRADING to +0 ring mail.
   427 | D:2      | 427 ||| DROPPING +0 leather armour.
   428 | D:2      | 428 ||| READING scroll labelled ACSAGUD DEPE.
   430 | D:2      | 430 ||| FLEEEEING.
   432 | D:2      | 432 ||| FLEEEEING.
   433 | D:2      | 433 ||| STAIRDANCE
   555 | D:2      | Noticed a phantom
   567 | D:2      | Reached XP level 4. HP: 12/26 MP: 5/5
   576 | D:2      | HP: 2/26 [phantom (5)]
   577 | D:2      | Slain by a phantom

Levels and vault maps discovered:
D:1:      nicolae_arrival_escape_room, layout_basic, minmay_misc_feat_rows,
          hex_large
D:2:      layout_basic, uniq_crazy_yiuf_cottage

Skill      XL: |  1  2 |
---------------+-------+-----
Ranged Weapons | 3 |  3.7
Fighting       | 2 |  2.3
Dodging        | |  1.5
Spellcasting   | |  1.0
Hexes          | |  2.6

Action                     |  1- 3 |  4- 6 || total
---------------------------+-------+-------++-------
   Fire: Sling             |    95 |    11 ||   106
    Use: Scroll            |     2 |       ||     2
 Armour: Robe              |    10 |       ||    10
         Leather armour    |     4 |       ||     4
         Ring mail         |    25 |     4 ||    29
  Dodge: Dodged            |    47 |     6 ||    53

Table legend:
 A = Non-vault XP
 B = Vault XP
 C = Vault XP percentage of total XP
 D = Non-vault monster count
 E = Vault monster count
 F = Vault count percentage of total count
                 A         B        C        D         E       F
            +---------+---------+-------+---------+---------+-------
      Total |      87 |       0 |   0.0 |      29 |       0 |   0.0
            +---------+---------+-------+---------+---------+-------
        D:1 |      40 |       0 |   0.0 |      22 |       0 |   0.0
        D:2 |      47 |       0 |   0.0 |       7 |       0 |   0.0
            +---------+---------+-------+---------+---------+-------
